 Dungeon Crawl Stone Soup version 0.22-a0-608-g8a62e23 (webtiles) character file.

1168 kae the Slasher (level 8, -1/71 HPs)
             Began as a Minotaur Fighter on July 9, 2018.
             Was a Follower of Ru.
             Slain by an orc warrior
             ... wielding a +0 halberd
              (3 damage)
             ... on level 6 of the Dungeon.
             The game lasted 00:03:48 (4818 turns).

kae the Slasher (Minotaur Fighter)                  Turns: 4818, Time: 00:03:49

Health: -1/71      AC: 12    Str: 23    XL:     8   Next: 17%
Magic:  7/7        EV:  9    Int:  5    God:    Ru [*.....]
Gold:   279        SH:  9    Dex: 10    Spells: 7/7 levels left

rFire    + . .     SeeInvis .   a - +1 long sword
rCold    . . .     Gourm    .   c - +0 shield
rNeg     . . .     Faith    .   b - +1 scale mail
rPois    .         Spirit   .   g - +0 hat
rElec    .         Reflect  .   (no cloak)
rCorr    .         Harm     .   x - +2 pair of gloves
MR       .....                  (no boots)
Stlth    ..........             (no amulet)
HPRegen  0.21/turn              e - ring of protection from cold
MPRegen  0.10/turn              t - ring of fire

@: slowed, very slow
A: retaliatory headbutt, horns 2, no poison magic, no translocations magic, no
transmutations magic
a: Renounce Religion


You were on level 6 of the Dungeon.
You worshipped Ru.
Ru was aware of your devotion.
You were not hungry.

You visited 1 branch of the dungeon, and saw 6 of its levels.
You also visited: Sewer.

You collected 279 gold pieces.

Inventory:

Hand Weapons
 a - a +1 long sword (weapon)
Armour
 b - a +1 scale mail (worn)
 c - a +0 shield (worn)
 g - a +0 hat (worn)
 x - a +2 pair of gloves (worn)
Jewellery
 e - a ring of protection from cold (left hand)
 t - a ring of fire (right hand)
Wands
 k - a wand of random effects (32)
 r - a wand of flame (32)
 v - a wand of iceblast (8)
Scrolls
 h - a scroll of magic mapping
 i - 2 scrolls of remove curse
 j - 5 scrolls of teleportation
 p - a scroll of identify
 q - 2 scrolls of blinking
 u - a scroll of enchant weapon
 w - 2 scrolls of fog {unknown}
 y - a scroll of immolation {unknown}
Potions
 d - 5 potions of might
 l - 2 potions of brilliance {unknown}
 m - 2 potions of curing {unknown}
 n - 2 potions of degeneration {unknown}
 o - a potion of invisibility {unknown}
 s - 4 potions of magic {unknown}
 z - a potion of heal wounds {unknown}
Comestibles
 f - 8 rations
 A - 2 chunks of flesh


   Skills:
 + Level 6.3 Fighting
 * Level 7.7 Long Blades
 + Level 6.4 Armour
 + Level 4.4 Dodging
 - Level 3.6 Shields


You had 7 spell levels left.
You didn't know any spells.
Your spell library contained the following spells:

 Spells                   Type           Power        Failure   Level  Hunger
 Apportation              Tloc           #.....       99%         1    ##.....
 Summon Small Mammal      Summ           #...         99%         1    ##.....
 Animate Skeleton         Necr           N/A          99%         1    ##.....
 Confusing Touch          Hex            #.....       99%         1    ##.....


Dungeon Overview and Level Annotations

Branches:
Dungeon (6/15)             Temple (0/1) D:4

Altars:
Ashenzari
Elyvilon
Gozag
Ru
Trog
Wu Jian
Yredelemnul

Shops:
D:5 *


Innate Abilities, Weirdness & Mutations

You reflexively headbutt those who attack you in melee.
You have a pair of horns on your head.
You cannot study or cast Poison magic.
You cannot study or cast Translocations magic.
You cannot study or cast Transmutations magic.


Message History

The orc warrior is severely wounded.
The orc wizard casts a spell.
The orc wizard blinks!
The orc warrior hits you with a halberd!
The gnoll hits you but does no damage.
You closely miss the orc warrior.
The orc warrior is severely wounded.
You redirect the orc wizard's attack!
The gnoll hits you but does no damage.
The orc warrior hits you with a halberd!
* * * LOW HITPOINT WARNING * * *
The gnoll hits you but does no damage.
You completely miss the orc warrior.
The orc warrior is severely wounded.
The orc warrior hits you with a halberd!
* * * LOW HITPOINT WARNING * * *
The orc wizard gestures at you while chanting.
The magic dart hits you! The gnoll hits you but does no damage.
The orc warrior hits you with a halberd.
You die...

##########
#....o.@o#
######
#.######.ggg...
......#
#####.#####
#############.#
#......[..#
#........#.#
#.#...###.#
##.......#.#
#...# #.#
#.....).#.# #
#...# #.#
#.......#.
#.##.####.#
##+......#
#.........#
##........#


You could see an orc warrior, an orc wizard and 3 gnolls.

Vanquished Creatures
  An orc warrior (D:6)
  An ice beast (D:2)
  A necrophage (D:6)
  2 bullfrogs
  A scorpion (D:4)
  A wight (D:6)
  A hound (D:5)
  A jelly (D:5)
  3 orc priests
  3 orc wizards
  Jessica (D:2)
  Ijyb (D:4)
  Natasha (thrice) (D:2)
  2 worker ants
  2 howler monkey skeletons
  7 adders
  5 river rats (Sewer)
  2 oozes
  4 worms (D:2)
  6 dart slugs
  5 leopard geckos
  8 orcs
  7 ball pythons
  6 bats
  8 giant cockroaches
  7 goblins
  4 hobgoblins
  7 jackals
  2 quokkas
  10 frilled lizards
  5 kobolds
  22 rats
139 creatures vanquished.

Notes
Turn   | Place    | Note
-------+----------+-------------------------------------------
     0 | D:1      | kae the Minotaur Fighter began the quest for the Orb.
     0 | D:1      | Reached XP level 1. HP: 19/19 MP: 0/0
   300 | D:1      | Reached XP level 2. HP: 26/27 MP: 1/1
   383 | D:1      | Reached skill level 3 in Long Blades
   557 | D:2      | Noticed Natasha
   562 | D:2      | Noticed a crimson imp
   563 | D:2      | Killed Natasha
   563 | D:2      | Reached skill level 1 in Dodging
   563 | D:2      | Reached XP level 3. HP: 30/33 MP: 2/2
   568 | D:2      | Noticed Natasha
   575 | D:2      | Killed Natasha
   575 | D:2      | Reached XP level 4. HP: 29/40 MP: 3/3
   660 | D:2      | Noticed Natasha
   667 | D:2      | Killed Natasha
   667 | D:2      | Reached skill level 4 in Long Blades
   917 | D:2      | Noticed an ice beast
   932 | D:2      | Killed an ice beast
   932 | D:2      | Reached XP level 5. HP: 32/47 MP: 4/4
  1018 | D:2      | Noticed Jessica
  1023 | D:2      | Killed Jessica
  1023 | D:2      | Reached skill level 5 in Long Blades
  1340 | D:2      | Noticed a moth of wrath
  1343 | D:2      | Found a bloodstained altar of Trog.
  1701 | D:3      | Reached XP level 6. HP: 55/55 MP: 5/5
  1721 | D:3      | Found a shattered altar of Ashenzari.
  1888 | D:3      | Found a faded altar of an unknown god.
  2083 | D:3      | Reached skill level 5 in Fighting
  2168 | D:3      | Found an ornate altar of the Wu Jian Council.
  2302 | D:4      | Reached skill level 5 in Armour
  2369 | D:4      | Found a sacrificial altar of Ru.
  2417 | D:4      | Became a worshipper of Ru the Awakened
  2651 | D:4      | Noticed Ijyb
  2659 | D:4      | Killed Ijyb
  2662 | D:4      | Reached skill level 6 in Long Blades
  2662 | D:4      | Reached XP level 7. HP: 49/61 MP: 6/6
  2690 | D:4      | Found a basalt altar of Yredelemnul.
  2745 | D:4      | Found a white marble altar of Elyvilon.
  2958 | D:4      | Found a staircase to the Ecumenical Temple.
  3252 | D:5      | Entered Level 5 of the Dungeon
  3294 | D:5      | Found an opulent altar of Gozag.
  3435 | D:5      | Found Gozag's Platinum Reserve.
  3838 | D:5      | Gained mutation: You cannot study or cast Poison magic. [Ru sacrifice]
  3838 | D:5      | Gained mutation: You cannot study or cast Transmutations magic. [Ru sacrifice]
  3838 | D:5      | Gained mutation: You cannot study or cast Translocations magic. [Ru sacrifice]
  3838 | D:5      | Reached * piety under Ru
  4134 | D:6      | Reached skill level 7 in Long Blades
  4323 | D:6      | Found a glowing drain.
  4332 | Sewer    | Entered a sewer
  4351 | Sewer    | Reached XP level 8. HP: 70/70 MP: 7/7
  4818 | D:6      | HP: 2/71 [orc warrior/halberd (8)]
  4818 | D:6      | Slain by an orc warrior

Vault maps used:
D:1:      enne_arrival_octagon_isle, minmay_misc_feat_tiny
D:2:      tgw_trog, first_ration, uniq_jessica, uniq_natasha
D:3:      old_standard_altar, chequers_ecumenical_altar_simple_redux,
          cheibrodos_ashenzari_chains
D:4:      kennysheep_ying_yang, marbit_many_paths,
          minmay_temple_entry_enclosed_plants, uniq_ijyb
D:5:      nicolae_gozag_zags_fifth_avenue
D:6:      portal_sewer_entry_f, serial_co_window_serial, co_window_corner_a,
          co_window_paths_b, co_window_paths_a, co_window_of_opportunity_a,
          co_window_of_opportunity_a, co_window_corner_ca,
          co_window_of_opportunity_b, co_window_paths_c, co_window_2corner,
          co_window_corner_ca, co_window_4corner_b, glass_columns_c,
          kb_lookout_dungeons_type, st_stairs_1
Sewer:    sewer_co_cracked_pipes

Skill      XL: |  1  2  3  4  5  6  7 |
---------------+----------------------+-----
Long Blades    | 3 4 5 6 7 |  7.7
Fighting       | 4 5 6 |  6.3
Armour         | 4 5 6 |  6.4
Dodging        | 1 2 3 4 |  4.4
Shields        | |  3.6

Action                   |  1- 3 |  4- 6 |  7- 9 || total
-------------------------+-------+-------+-------++-------
Melee: Long sword        |    29 |   181 |   153 ||   363
       Headbutt          |     7 |    35 |    25 ||    67
Invok: Sacrifice Arcana  |       |       |     1 ||     1
  Use: Scroll            |       |     9 |       ||     9
       Potion            |       |       |     1 ||     1
 Stab: Distracted        |       |       |     1 ||     1
  Eat: Chunk             |       |     5 |     8 ||    13
Armor: Scale mail        |    11 |    67 |    43 ||   121
Dodge: Dodged            |    13 |    56 |    44 ||   113
Block: Shield            |     8 |    91 |    77 ||   176
       Rpst.: Long sword |     5 |    15 |     9 ||    29

Table legend:
 A = Spawn XP
 B = Non-spawn XP
 C = Spawn XP percentage of total XP
 D = Spawn monster count
 E = Non-spawn monster count
 F = Spawn count percentage of total count
 G = Total turns spent on level
                    A         B        C        D         E        F      G
               +---------+---------+-------+---------+---------+-------+---------
         Total |       0 |    1669 |   0.0 |       0 |     139 |   0.0 |  4818
               +---------+---------+-------+---------+---------+-------+---------
           D:1 |       0 |      21 |   0.0 |       0 |      12 |   0.0 |   555
           D:2 |       0 |     352 |   0.0 |       0 |      37 |   0.0 |  1110
           D:3 |       0 |      79 |   0.0 |       0 |      22 |   0.0 |   627
           D:4 |       0 |     349 |   0.0 |       0 |      16 |   0.0 |   960
           D:5 |       0 |     209 |   0.0 |       0 |      14 |   0.0 |   604
           D:6 |       0 |     571 |   0.0 |       0 |      13 |   0.0 |   604
         Sewer |       0 |      88 |   0.0 |       0 |      25 |   0.0 |   358
               +---------+---------+-------+---------+---------+-------+---------
